AoeStats
← [TUC] P E L U S A

Nomad

509246186Analyzed
2v2 RM · 5d ago on Sep 26, 2026· 38m 47s· 4 players
Game mode
Random Map
Map size
176×176
Population
200
Speed
Normal
Resources
Standard
Victory
Conquest
Starting age
Dark Age
Ending age
Imperial Age
RankedLock teamsTeams togetherTeam positionsShared explorationLock speedFull tech treeHidden civsTurbo modeCheats
Victory
Defeat
🇩🇰 Varangians · Denmark
1265
+14
🇦🇷 Spanish · Argentina
1242
+15
🇵🇹 Berbers · Portugal
1276
-16
🇺🇸 Varangians · United States
1175
-13
[TUC] P E L U S A
2:48 Loom
13:24 Feudal Age
14:17 Double-Bit Axe
17:56 Castle Age
15:51 Town Watch
15:54 Horse Collar
16:07 Stone Mining
19:47 Bow Saw
20:42 Gold Mining
24:18 Husbandry
26:58 Wheelbarrow
27:39 Fletching
29:58 Hand Cart
31:10 Bloodlines
34:01 Imperial Age
31:25 Vendel Legacy
31:48 Light Cavalry
34:38 Forging
34:24 Bodkin Arrow
35:06 Conscription
34:56 Hussar
36:11 Scale Barding Armor
36:05 Capped Ram
37:25 Heavy Plow
38:38 Chain Barding Armor
[TUC] NAGES
2:53 Loom
13:25 Feudal Age
20:49 Castle Age
22:01 Padded Archer Armor
30:11 Leather Archer Armor
29:49 Double-Bit Axe
32:39 Bloodlines
37:20 Imperial Age
37:01 Wheelbarrow
37:18 Forging
37:14 Scale Barding Armor
37:41 Cavalier
38:22 Husbandry
Sarren
8:04 Loom
14:19 Feudal Age
15:38 Double-Bit Axe
18:24 Castle Age
16:23 Fletching
16:28 Fishing Lines
19:01 Bodkin Arrow
19:20 Bow Saw
19:05 Gold Mining
21:39 Wheelbarrow
22:10 Gillnets
22:30 Medium Warships
24:11 Hand Cart
24:05 Squires
26:13 Stone Mining
29:44 Imperial Age
27:48 Arson
29:19 Ballistics
29:49 Scale Mail Armor
31:06 Bloodlines
32:09 Horse Collar
34:08 Bracer
34:09 Padded Archer Armor
34:23 Masonry
34:52 Town Watch
37:30 Chemistry
37:25 Husbandry
darkdavixi
5:55 Loom
12:33 Feudal Age
12:58 Fishing Lines
13:27 Double-Bit Axe
14:28 Wheelbarrow
15:31 Town Watch
Connection lost

Rejoining the realm…

Still unreachable

The connection could not be restored.

Session expired

The server has moved on; the page needs a fresh start.